 Dungeon Crawl Stone Soup version 0.26.1-2-gb8aa6d0cf2 (webtiles) character file.

Game seed: 4562566179853310779

9018 Gadfly the Basher (level 11, -7/107 HPs)
             Began as a Troll Berserker on Feb 27, 2021.
             Was a High Priest of Trog.
             Killed from afar by Fannar (43 damage)
             ... with a bolt of cold
             ... on level 10 of the Dungeon.
             The game lasted 00:20:29 (9483 turns).

Gadfly the Basher (Troll Berserker)                 Turns: 9483, Time: 00:20:29

Health: -7/107     AC: 11    Str: 29    XL:     11   Next: 17%
Magic:  10/10      EV: 10    Int: 11    God:    Trog [*****.]
Gold:   530        SH:  0    Dex: 12    Spells: 10/10 levels left

rFire    + . .     SeeInvis +   a - +4 flail (protect)
rCold    x . .     Faith    .   (no shield)
rNeg     . . .     Spirit   .   i - +1 robe {Will+}
rPois    +         Reflect  +   v - +3 crown of Dyrovepreva {rElec Int+2 SInv}
rElec    +         Harm     .   l - +0 cloak
rCorr    .         Rampage  .   (gloves unavailable)
Will     +....                  (boots unavailable)
Stlth    +.........             d - amulet of reflection
HPRegen  0.67/turn              o - ring of Ybref {Fire rElec rPois Int+6}
MPRegen  0.12/turn              (no ring)

@: confused, studying Evocations
A: large, unfitting armour, claws 3, talons 1, agile 1, regeneration 1, shaggy
fur 1, tough skin 3
a: Renounce Religion, Berserk, Trog's Hand, Brothers in Arms


You were on level 10 of the Dungeon.
You worshipped Trog.
Trog was extremely pleased with you.
You visited 2 branches of the dungeon, and saw 11 of its levels.
You also visited: Bailey.

You collected 530 gold pieces.

Inventory:

Hand Weapons
 a - a +4 flail of protection (weapon)
 b - a +4 scythe of flaming
 A - a +0 dire flail
Armour
 i - a +1 robe of willpower (worn)
 l - a +0 cloak (worn)
 v - the +3 crown of Dyrovepreva (worn) {rElec Int+2 SInv}
   (You acquired it on level 6 of the Dungeon)

   It affects your intelligence (+2).
   It insulates you from electricity.
   It lets you see invisible.
Jewellery
 d - an amulet of reflection (around neck)
 o - the ring of Ybref (left claw) {Fire rElec rPois Int+6}
   (You acquired it on level 6 of the Dungeon)

   [ring of fire]

   It enhances your fire magic.
   It affects your intelligence (+6).
   It protects you from fire.
   It makes you vulnerable to cold.
   It insulates you from electricity.
   It protects you from poison.
Wands
 m - a wand of paralysis (17)
 q - a wand of flame (12)
 u - a wand of polymorph (4)
 w - a wand of iceblast (11)
 x - a wand of random effects (29) (quivered)
Scrolls
 e - a scroll of blinking
 g - 3 scrolls of remove curse
 h - 7 scrolls of teleportation
 p - 2 scrolls of fog
 r - 3 scrolls of enchant weapon
 y - 2 scrolls of magic mapping
 z - 2 scrolls of identify
Potions
 c - a potion of mutation
 f - 3 potions of cancellation
 j - 3 potions of curing
 k - a potion of lignification
 n - 2 potions of haste
 s - a potion of heal wounds
Books
 t - a manual of Evocations


   Skills:
 + Level 6.7 Fighting
 * Level 10.1 Maces & Flails
 * Level 6.6 Armour
 - Level 2.4 Dodging
 + Level 8.2 Evocations


You had 10 spell levels left.
You didn't know any spells.
Your spell library was empty.

Dungeon Overview and Level Annotations

Branches:
Dungeon (10/15)            Temple (1/1) D:5            Lair (0/6) D:8
    Orc (0/2) D:9          Bailey (visited)

Altars:
Ashenzari
Cheibriados
Elyvilon
Fedhas
Gozag
Hepliaklqana
Makhleb
Nemelex Xobeh
Okawaru
Qazlal
Ru
Sif Muna
Vehumet
Yredelemnul
Zin
The Shining One

Shops:
D:4 *   D:9 (   D:10 [

Annotations:
D:10 Fannar


Innate Abilities, Weirdness & Mutations

You are too large for most types of armour.
You have claws for hands.
Your natural rate of healing is unusually fast.
You are covered in fur. (AC +1)
You have extremely tough skin. (AC +3)
You have sharp toenails.
You are agile. (Dex +2)


Message History

You are too injured to fight recklessly!
You are too injured to fight recklessly!
Unknown command.
You are confused.
You feel invigorated. The ice beast hits you.
* * * LOW HITPOINT WARNING * * *
The ice beast freezes you!
You feel a terrible chill!
* * * LOW HITPOINT WARNING * * *
The howler monkey hoots and howls with incredible vigour!
You bump into the rock wall.
The ice beast hits you but does no damage.
Unknown command.
Fannar brushes some snowflakes from their robe.
Fannar gestures wildly while chanting.
The howler monkey hoots and howls with incredible vigour!
You hear a shout!
Fannar casts a spell at you.
The bolt of cold hits the ice beast.
The ice beast completely resists.
The bolt of cold hits you!!!
You feel a terrible chill!
You die...

#.......##......)..#
#....
#.......###+####'#.#
#.... #.......# #.#
#.#.# #....
#...h...# #.# #.#.#
#.... #.......# #.#
#.#.# #####
#....>..# #.# #.#.#
#.......# #.# #.#.#
####h######.####.#.#
#hhe.Y@.......#.#
########...####.#
###.####.# #......#
########


You could see Fannar (icy armour), an ice beast (summoned) and 3 howler monkeys.

Vanquished Creatures
  A two-headed ogre (D:10)
  An unseen horror (D:10)
  An orc knight (Bailey)
  An ugly thing (D:7)
  A komodo dragon (D:8)
  A troll (D:10)
  A hornet (D:8)
  Eustachio (D:5)
  9 yaks (D:9)
  Sigmund (D:4)
  A wyvern (D:7)
  Edmund (D:4)
  3 water moccasins
  An ice beast (D:5)
  15 orc warriors
  A black bear (D:8)
  2 ogres
  2 phantoms
  An eye of draining (D:8)
  2 centaurs (D:8)
  2 big kobolds (D:7)
  Blork the orc (D:6)
  5 bullfrogs
  2 scorpions
  10 killer bees (D:9)
  A howler monkey (D:7)
  An orc wizard (D:3)
  A bullfrog skeleton (D:7)
  A centaur skeleton (D:10)
  2 hounds
  A jelly (D:8)
  3 orc priests
  A centaur zombie (D:10)
  5 iguanas
  Terence (D:2)
  8 worker ants
  3 hound skeletons
  A howler monkey zombie (D:9)
  12 adders
  4 gnolls (D:8)
  A howler monkey skeleton (D:6)
  2 shadow imps (D:5)
  2 white imps (D:7)
  An adder zombie (D:8)
  A worm (D:5)
  A dart slug (D:1)
  3 leopard geckos
  26 orcs
  7 bats
  2 giant cockroaches
  9 goblins
  7 hobgoblins
  12 jackals
  17 kobolds
  8 quokkas
  7 frilled lizards
  A jackal skeleton (D:6)
  5 rats
224 creatures vanquished.

Vanquished Creatures (others)
  3 plants (D:8)
3 creatures vanquished.

Grand Total: 227 creatures vanquished

Notes
Turn   | Place    | Note
-------+----------+-------------------------------------------
     0 | D:1      | Gadfly the Troll Berserker began the quest for the Orb.
     0 | D:1      | Reached XP level 1. HP: 22/22 MP: 0/0
   233 | D:1      | Reached XP level 2. HP: 26/29 MP: 1/1
   345 | D:1      | Reached skill level 1 in Armour
   416 | D:1      | Reached skill level 1 in Evocations
   726 | D:2      | Reached ** piety under Trog
   774 | D:2      | Found an opulent altar of Gozag.
   788 | D:2      | Reached XP level 3. HP: 34/36 MP: 2/2
   863 | D:2      | Reached skill level 3 in Maces & Flails
   990 | D:2      | Noticed Terence
  1005 | D:2      | Killed Terence
  1006 | D:2      | Reached XP level 4. HP: 44/44 MP: 3/3
  1355 | D:2      | Found a faded altar of an unknown god.
  1983 | D:3      | Reached XP level 5. HP: 50/50 MP: 4/4
  2044 | D:3      | Reached *** piety under Trog
  2645 | D:4      | Noticed Sigmund
  2654 | D:4      | Killed Sigmund
  2655 | D:4      | Reached XP level 6. HP: 47/59 MP: 5/5
  2687 | D:4      | Found Sanimili's Serpentskin Sales.
  2687 | D:4      | Noticed a water moccasin
  2687 | D:4      | Noticed a water moccasin
  2699 | D:4      | Killed a water moccasin
  2700 | D:4      | Reached skill level 4 in Maces & Flails
  2700 | D:4      | Killed a water moccasin
  2701 | D:4      | Reached XP level 7. HP: 30/67 MP: 6/6
  2927 | D:4      | You fall into a shaft and drop 2 floors!
  2954 | D:5      | Entered Level 5 of the Dungeon
  2954 | D:5      | Found a staircase to the Ecumenical Temple.
  2998 | D:5      | Noticed Eustachio
  3141 | D:5      | Killed Eustachio
  3225 | D:4      | Noticed Edmund
  3248 | D:4      | Killed Edmund
  3249 | D:4      | Reached skill level 5 in Maces & Flails
  3844 | D:5      | Reached XP level 8. HP: 78/78 MP: 7/7
  4150 | Temple   | Entered the Ecumenical Temple
  4242 | D:5      | Reached **** piety under Trog
  4318 | D:5      | Gained mutation: You are agile. (Dex +2) [potion of
                  | mutation]
  4318 | D:5      | Gained mutation: You have sharp toenails. [potion of
                  | mutation]
  4365 | D:6      | Noticed Blork the orc
  4380 | D:6      | Killed Blork the orc
  4572 | D:6      | Found an iron altar of Okawaru.
  4590 | D:6      | Identified 3 scrolls of acquirement
  4590 | D:6      | Acquired the ring of Ybref {Fire rElec rPois Int+6}
  4592 | D:6      | Acquired a manual of Evocations
  4594 | D:6      | Acquired the +3 crown of Dyrovepreva {rElec Int+2 SInv}
  4595 | D:6      | Found the +3 crown of Dyrovepreva {rElec Int+2 SInv}
  4865 | D:7      | Found an opulent altar of Gozag.
  4885 | D:7      | Reached skill level 6 in Maces & Flails
  4970 | D:7      | Reached skill level 5 in Evocations
  5165 | D:7      | Reached XP level 9. HP: 70/85 MP: 6/8
  5675 | D:8      | Reached skill level 7 in Maces & Flails
  5710 | D:8      | Noticed a red ugly thing
  5749 | D:7      | HP: 1/85 [red ugly thing (10)]
  5764 | D:7      | Killed a red ugly thing
  5886 | D:7      | Reached skill level 5 in Fighting
  5923 | D:8      | Reached skill level 5 in Armour
  6130 | D:8      | Found a staircase to the Lair.
  6131 | D:8      | Noticed a komodo dragon
  6149 | D:8      | Killed a komodo dragon
  6286 | D:8      | Reached skill level 8 in Maces & Flails
  6683 | D:9      | Found a flagged portal.
  6723 | Bailey   | Entered a bailey
  6730 | Bailey   | Reached XP level 10. HP: 89/96 MP: 7/9
  6837 | Bailey   | Reached ***** piety under Trog
  7716 | Bailey   | HP: 4/98 [orc warrior/+0 trident (18)]
  7963 | Bailey   | Noticed an orc knight
  7971 | Bailey   | Killed an orc knight
  7975 | Bailey   | Reached skill level 9 in Maces & Flails
  8079 | Bailey   | Found a roughly hewn altar of Beogh.
  8281 | D:9      | Found a staircase to the Orcish Mines.
  8298 | D:9      | Found Janit's Antique Weapon Shoppe.
  9008 | D:10     | Entered Level 10 of the Dungeon
  9017 | D:10     | Reached XP level 11. HP: 95/107 MP: 7/10
  9066 | D:10     | Found Cusoje Jufi's Antique Armour Boutique.
  9125 | D:10     | Noticed a two-headed ogre
  9131 | D:10     | Killed a two-headed ogre
  9139 | D:10     | Reached skill level 10 in Maces & Flails
  9177 | D:10     | Noticed an unseen horror
  9197 | D:10     | Killed an unseen horror
  9459 | D:10     | Noticed Fannar
  9483 | D:10     | Killed from afar by Fannar

Illustrated notes

Levels and vault maps discovered:
D:1:      lemuel_arrival_river_bridge, layout_loops_ring
D:2:      layout_loops_cross, nicolae_gozag_cash_rules_everything_around_me,
          chequers_ecumenical_altar_grove, chequers_arboretum, uniq_terence
D:3:      layout_basic
D:4:      layout_loops_ring, guppyfry_shop_venom, uniq_edmund, uniq_sigmund
D:5:      wander_river, layout_loops_ring, minmay_temple_entry_stoned_glass,
          kennysheep_generic_room_4, uniq_eustachio
D:6:      layout_basic, okawaru_ov_weapons_minmay, uniq_blork_the_orc
D:7:      layout_basic, basic_altar
D:8:      layout_loops_cross, david_lair_shrubbed
D:9:      layout_loops_ring, orc_0_dummy, serial_shops,
          nicolae_shop_temple_entry_statues_fountains, enter_bailey_6
D:10:     layout_basic, serial_shops, nicolae_shop_stone, uniq_josephine,
          uniq_fannar
Temple:   dpeg_three_leaves_temple

Skill      XL: |  1  2  3  4  5  6  7  8  9 10 11 |
---------------+----------------------------------+-----
Armour         | 1 2 3 4 5 6 |  6.6
Evocations     | 1 2 3 4 5 6 8 |  8.2
Maces & Flails | 3 4 5 6 8 9 10 | 10.1
Fighting       | 3 4 5 6 |  6.7
Dodging        | |  2.4

Action                   |  1- 3 |  4- 6 |  7- 9 | 10-12 || total
-------------------------+-------+-------+-------+-------++-------
Melee: Mace              |    87 |   132 |       |       ||   219
       Morningstar       |       |    17 |   155 |       ||   172
       Flail             |       |       |   277 |   194 ||   471
       Kick              |       |       |    82 |    60 ||   142
Invok: Berserk           |       |     3 |     5 |     9 ||    17
       Brothers in Arms  |       |       |     1 |       ||     1
Evoke: Wand              |       |       |     5 |    12 ||    17
  Use: Scroll            |     7 |     3 |    15 |     3 ||    28
       Potion            |       |     2 |     3 |     3 ||     8
 Stab: Sleeping          |       |       |       |     1 ||     1
Armor: Animal skin       |    53 |    50 |       |       ||   103
       Robe              |       |     6 |   271 |    89 ||   366
       Skin              |       |       |       |    28 ||    28
Dodge: Dodged            |    65 |    79 |   282 |   107 ||   533
Block: Other             |       |       |       |     6 ||     6
